 Dungeon Crawl Stone Soup version 0.21.1-1-g345015f (webtiles) character file.

175 suicidejoker the Covert (level 5, -3/34 HPs)
             Began as an Octopode Assassin on Apr 13, 2018.
             Slain by Crazy Yiuf
             ... wielding a +3 quarterstaff of chaos
              (7 damage)
             ... on level 2 of the Dungeon.
             The game lasted 00:07:13 (2906 turns).

suicidejoker the Covert (Octopode Assassin)         Turns: 2906, Time: 00:07:21

Health: -3/34      AC:  3    Str: 11    XL:     5   Next: 55%
Magic:  2/5        EV: 13    Int: 19    God:
Gold:   131        SH:  0    Dex: 14    Spells: 4/4 levels left

rFire    . . .     SeeInvis .   l - -3 quarterstaff (curse)
rCold    . . .     Gourm    .   (shield currently unavailable)
rNeg     . . .     Faith    .   (helmet restricted)
rPois    .         Spirit   .   (no amulet)
rElec    .         Reflect  .   g - +6 ring of intelligence
rCorr    .         Harm     .   (no ring)
MR       .....                  (no ring)
Stlth    +++++.....             (no ring)
HPRegen  0.11/turn              (no ring)
MPRegen  0.09/turn              (no ring)
                                (no ring)
                                (no ring)

@: flying
A: almost no armour, stealthy swim, amphibious, 8 rings, constrict 8, tentacle
spike 1, thin metallic scales 1, camouflage 1, sense surroundings 1, gelatinous
body 1
a: no special abilities


You were on level 2 of the Dungeon.
You were not hungry.

You visited 1 branch of the dungeon, and saw 2 of its levels.

You collected 131 gold pieces.

Inventory:

Hand Weapons
 a - a +2 dagger
 b - a +0 blowgun
 h - a +1 mace of holy wrath
 i - a +1 dagger of holy wrath
 l - a cursed -3 quarterstaff (weapon)
Missiles
 c - 8 poisoned needles
 d - 2 curare-tipped needles
 k - 117 stones (quivered)
 m - 44 bolts
 q - 21 arrows
Armour
 j - a +0 large shield
Jewellery
 g - a +6 ring of intelligence (left tentacle)
Wands
 n - a wand of polymorph (10)
Scrolls
 e - 3 scrolls of identify
Comestibles
 f - 3 rations


   Skills:
 - Level 2.0 Fighting
 - Level 2.0 Short Blades
 - Level 2.0 Throwing
 - Level 1.0 Dodging
 * Level 8.8 Stealth
 + Level 1.6 Shields


You had 4 spell levels left.
You didn't know any spells.

Dungeon Overview and Level Annotations

Branches:
Dungeon (2/15)

Altars:

Annotations:
D:2 Crazy Yiuf, Robin


Innate Abilities, Weirdness & Mutations

You cannot wear most types of armour.
You are very stealthy in the water. (Stealth+)
You are amphibious.
You can wear up to eight rings at the same time.
You can use your tentacles to constrict eight enemies at once.
Your skin changes colour to match your surroundings (Stealth+).
Your rubbery body absorbs attacks. (AC +1, EV +1)
One of your tentacles bears a spike.
You are partially covered in thin metallic scales. (AC +2)
You passively map a small area around you.


Message History

Found a mace.
There is an open door here.
You barely miss Crazy Yiuf. You grab Crazy Yiuf.
You constrict Crazy Yiuf, but do no damage.
Crazy Yiuf hits you with a quarterstaff of chaos.
You hit Crazy Yiuf but do no damage. You constrict Crazy Yiuf.
Crazy Yiuf hits you with a quarterstaff of chaos!
It was a potion of flight.
You feel very buoyant.
You fly up into the air.
You constrict Crazy Yiuf.
Crazy Yiuf hits you with a quarterstaff of chaos!
* * * LOW HITPOINT WARNING * * *
You feel your power leaking away.
It was a potion of mutation.
You feel extremely strange.
Thin metallic scales grow over part of your body.
You feel a strange attunement to the structure of the dungeons.
One of your lower tentacles grows a sharp spike.
You constrict Crazy Yiuf.
Crazy Yiuf hits you with a quarterstaff of chaos!
You die...

#.# #....# #.#
###.## ♣....♣ #.#
.....# ♣..)♣♣ #.##
.....## ♣♣.♣♣ #..#
......# ♣.♣♣ ##.#
###.#.# ♣♣.♣ #.# #
#.#.# ♣.♣♣ #.# #
#.#.# ♣♣.♣ #.#
###.#.#### #@# #.#
.##......### #.g.#
#.# ......>....#
#...# #.#
.###...#.### #..)#
#.# ## #.#.#.#
##### #.# # #.....#
##>##
######.############
#...#
..................#
##..#
#####...........#.#
#..#


You could see Crazy Yiuf.

Vanquished Creatures
  Natasha (thrice) (D:2)
  3 adders (D:2)
  4 oozes (D:1)
  3 worms
  A dart slug (D:2)
  3 giant cockroaches
  7 hobgoblins
  3 jackals (D:1)
  4 kobolds
  A bat (D:1)
  5 frilled lizards
  9 goblins
  5 rats
51 creatures vanquished.

Notes
Turn   | Place    | Note
-------+----------+-------------------------------------------
     0 | D:1      | suicidejoker the Octopode Assassin began the quest for the Orb.
     0 | D:1      | Reached XP level 1. HP: 14/14 MP: 1/1
     1 | D:1      | Found a runed door.
   228 | D:1      | Reached XP level 2. HP: 19/19 MP: 2/2
   285 | D:1      | Reached skill level 6 in Stealth
   468 | D:1      | Reached XP level 3. HP: 24/24 MP: 3/3
   476 | D:1      | Reached skill level 7 in Stealth
   521 | D:2      | Reached XP level 4. HP: 11/29 MP: 4/4
   811 | D:2      | Noticed Robin
  1263 | D:2      | Reached skill level 8 in Stealth
  1511 | D:2      | Noticed Natasha
  1857 | D:2      | Killed Natasha
  1857 | D:2      | Reached skill level 1 in Shields
  1857 | D:2      | Reached XP level 5. HP: 24/34 MP: 5/5
  2056 | D:2      | Noticed Natasha
  2060 | D:2      | Killed Natasha
  2069 | D:2      | Noticed Natasha
  2082 | D:2      | Killed Natasha
  2897 | D:2      | Found a runed door.
  2901 | D:2      | Noticed Crazy Yiuf
  2906 | D:2      | Gained mutation: You are partially covered in thin metallic scales. (AC +2) [potion of mutation]
  2906 | D:2      | Gained mutation: You passively map a small area around you. [potion of mutation]
  2906 | D:2      | Gained mutation: One of your tentacles bears a spike. [potion of mutation]
  2906 | D:2      | Slain by Crazy Yiuf

Skill      XL: |  1  2  3  4 |
---------------+-------------+-----
Stealth        | 6 7 8 |  8.8
Shields        | 1 |  1.6
Fighting       | |  2.0
Short Blades   | |  2.0
Throwing       | |  2.0
Dodging        | |  1.0

Action                   |  1- 3 |  4- 6 || total
-------------------------+-------+-------++-------
Melee: Dagger            |    24 |    30 ||    54
       Tentacles         |     6 |    12 ||    18
       Constrict         |     9 |    17 ||    26
       Mace              |    18 |       ||    18
       Quarterstaff      |       |    28 ||    28
       Unarmed           |       |    23 ||    23
Throw: Stone             |       |     4 ||     4
Evoke: Wand              |       |     5 ||     5
  Use: Scroll            |     2 |     1 ||     3
       Potion            |     1 |     3 ||     4
 Stab: Sleeping          |     2 |     6 ||     8
  Eat: Chunk             |       |     3 ||     3
       Ration            |       |     1 ||     1
Armor: Skin              |     5 |     4 ||     9
Dodge: Dodged            |    31 |    42 ||    73
Block: Large shield      |       |     9 ||     9
